 Dungeon Crawl Stone Soup version 0.29-a0-997-gf6f7e2dfe7 (webtiles) character file.

Game seed: 440348860203998365

44 gelatine the Insei (level 3, 0/23 HPs)
             Began as an Octopode Transmuter on Aug 4, 2022.
             Succumbed to Crazy Yiuf's poison
             ... on level 3 of the Dungeon.
             The game lasted 00:05:15 (2385 turns).

gelatine the Insei (Octopode Transmuter)            Turns: 2385, Time: 00:05:15

Health: 0/23       AC:  1    Str:  9    XL:     3   Next: 62%
Magic:  6/7        EV: 13    Int: 17    God:
Gold:   119        SH:  0    Dex: 12    Spells: 1/7 levels left

rFire   . . .      SeeInvis .   q - +2 hammer (drain)
rCold   . . .      Faith    .   (no shield)
rNeg    . . .      Spirit   .   (helmet currently unavailable)
rPois   .          Reflect  .   (no amulet)
rElec   .          Harm     .   (no ring)
rCorr   .          Rampage  .   (no ring)
Will    .....                   (no ring)
Stlth   ++........              (no ring)
HPRegen 0.07/turn               (no ring)
MPRegen 0.10/turn               (no ring)
                                (no ring)
                                (no ring)

@: lethally poisoned (0 -> -18), appendages
A: tentacle spike 3, almost no armour, amphibious, 8 rings, camouflage 1,
gelatinous body 1, (nimble swimmer 1), tentacles
a: End Transformation


You were on level 3 of the Dungeon.
One of your tentacles had grown a beastly spike.
You visited 1 branch of the dungeon, and saw 3 of its levels.

You collected 119 gold pieces.

Inventory:

Hand Weapons
 e - a +0 short sword of draining
 q - a +2 hammer of draining (weapon)
Missiles
 g - a throwing net
Scrolls
 c - a scroll of blinking {unknown}
 d - 2 scrolls of teleportation
 h - a scroll of amnesia {unknown}
 l - a scroll of fear {unknown}
 p - a scroll of silence {unknown}
Potions
 a - a potion of lignification
 b - 5 potions of curing {unknown}
 f - a potion of cancellation
 i - a potion of berserk rage
 j - a potion of haste {unknown}
 k - a potion of invisibility {unknown}
 m - a potion of ambrosia {unknown}
 n - a potion of attraction {unknown}
 o - a potion of degeneration {unknown}


   Skills:
 + Level 1.0 Fighting
 + Level 2.1 Dodging
 + Level 0.2 Stealth
 + Level 3.3 Unarmed Combat
 + Level 2.8 Spellcasting
 + Level 2.5 Transmutations


You had one spell level left.
You knew the following spells:

 Your Spells              Type           Power      Damage    Failure   Level
a - Beastly Appendage     Tmut           22%        N/A       6%          1
b - Wereblood             Tmut           11%        N/A       10%         2
c - Spider Form           Tmut/Pois      6%         N/A       32%         3

Your spell library contained the following spells:

 Spells                   Type           Power      Damage    Failure   Level
 Ice Form                 Ice/Tmut       6%         N/A       71%         4


Dungeon Overview and Level Annotations

Branches:
Dungeon (3/15)

Altars:

Annotations:
D:3 Crazy Yiuf


Innate Abilities, Weirdness & Mutations

One of your tentacles has grown a beastly spike.
You cannot wear most types of armour.
You are amphibious.
You can wear up to eight rings at the same time.
Your skin changes colour to match your surroundings (Stealth+).
Your rubbery body absorbs attacks. (AC +1, EV +1)
((You are camouflaged when in or above water. (Stealth+)))
You have tentacles for arms and can constrict up to eight enemies at once.


Message History

You see here a +0 hammer.
You see here a +1 hammer of holy wrath.
You see here a +2 hammer of draining.
q - a +2 hammer of draining You see here a +1 hammer of holy wrath.
You see here a +0 hammer.
Found a hammer.
You see here a +0 hammer.
You see here a +0 hammer.
Found two hammers and a runed hammer.
Crazy Yiuf shouts!
You see here a +0 hammer.
You sense an unholy aura.
q - a +2 hammer of draining (weapon)
One of your tentacles grows a vicious spike.
You open the door. You hit Crazy Yiuf but do no damage. You drain Crazy Yiuf.
You grab Crazy Yiuf.
Crazy Yiuf is moderately wounded.
You constrict Crazy Yiuf.
Crazy Yiuf laughs, "Leather!
Snower down disdain."
Crazy Yiuf barely misses you.
You hit Crazy Yiuf.
Crazy Yiuf is heavily wounded.
You constrict Crazy Yiuf, but do no damage.
Crazy Yiuf hits you with a +3 quarterstaff of chaos!
You are lethally poisoned!
Crazy Yiuf misses you.
You hit Crazy Yiuf.
Crazy Yiuf is heavily wounded.
You constrict Crazy Yiuf.
* * * LOW HITPOINT WARNING * * *
You feel extremely sick.
Crazy Yiuf says, "Crazy?
Crazy!?
PORCUPINE!"
Crazy Yiuf barely misses you.
You hit Crazy Yiuf but do no damage.
You pierce Crazy Yiuf, but do no damage.
You tentacle-slap Crazy Yiuf, but do no damage.
Crazy Yiuf is severely wounded.
You constrict Crazy Yiuf.
You die...

##### #).)# #)))#
))) #g# ##@# #)##
####### ##)#
#.....# #)##
#.....#. ##)## ###
#[...... #...##
#..##.†...# #....#
#..#......# #....#
#..<.>....#
##..#####..##.....#


You could see Crazy Yiuf (very drained).

Vanquished Creatures
  2 worms
  4 bats
  2 endoplasms
  A giant cockroach (D:1)
  6 goblins
  3 hobgoblins
  4 kobolds
  5 quokkas
  3 ball pythons
  2 frilled lizards
  5 rats
37 creatures vanquished.

Notes
Turn   | Place    | Note
-------+----------+-------------------------------------------
     0 | D:1      | gelatine the Octopode Transmuter began the quest for the
                  | Orb.
     0 | D:1      | Reached XP level 1. HP: 13/13 MP: 3/3
   304 | D:1      | Reached XP level 2. HP: 7/18 MP: 5/5
   562 | D:1      | Learned a level 2 spell: Wereblood
  1041 | D:1      | Reached XP level 3. HP: 23/23 MP: 4/6
  2212 | D:3      | Learned a level 3 spell: Spider Form
  2370 | D:3      | Found a runed translucent door.
  2376 | D:3      | Noticed Crazy Yiuf
  2385 | D:3      | Succumbed to Crazy Yiuf's poison

Illustrated notes

Levels and vault maps discovered:
D:1:      amcnicky_arrival_flooded_fountain, layout_basic
D:2:      layout_basic
D:3:      layout_rooms, nicolae_kite_square_tiling_tiny, uniq_robin,
          uniq_crazy_yiuf_cottage

Action                   || total
-------------------------++-------
Melee: Unarmed           ||    72
       Kick              ||    17
       Tentacles         ||    14
       Constrict         ||    17
       Punch             ||     3
       Mace              ||     4
 Cast: Beastly Appendage ||    35
       Wereblood         ||     1
  Use: Scroll            ||     3
 Stab: Sleeping          ||    10
Armor: Skin              ||     2
Dodge: Dodged            ||    37

Table legend: (Time is in decaauts)
 A = Elapsed time spent in this place.
 B = Non-inter-level travel time spent in this place.
 C = Inter-level travel time spent in this place.
 D = Time resting spent in this place.
 E = Time spent auto-exploring this place.
 F = Levels seen in this place.
 G = Mean time per level.
                   A        B        C        D        E       F      G
               +--------+--------+--------+--------+--------+-----+--------+
         Total |   2381 |   2297 |     84 |     68 |   1806 |   3 |  793.7 |
       Dungeon |   2381 |   2297 |     84 |     68 |   1806 |   3 |  793.7 |
               +--------+--------+--------+--------+--------+-----+--------+

Top non-repeatable levels by time:
     D:1: 1181 daAuts
     D:2: 1021 daAuts
     D:3: 178 daAuts
